 Dungeon Crawl Stone Soup version 0.19.0-19-g8c6edcc (webtiles) character file.

394 nikopol the Skirmisher (level 6, -4/60 HPs)
             Began as a Gargoyle Berserker on Nov 14, 2016.
             Was a Priest of Trog.
             Slain by an ogre
             ... wielding a +0 giant club
              (6 damage)
             ... on level 4 of the Dungeon.
             The game lasted 00:06:55 (2988 turns).

nikopol the Skirmisher (Gargoyle Berserker)         Turns: 2988, Time: 00:06:55

Health: -4/60      AC: 12    Str: 26    XL:     6   Next: 81%
Magic:  6/6        EV: 11    Int:  8    God:    Trog [***...]
Gold:   127        SH:  0    Dex: 10    Spells: 0 memorised, 5 levels left

rFire  . . .     SeeInvis .     a - +0 hand axe
rCold  . . .     Gourm    .     g - +0 scale mail
rNeg   + . .     Faith    .     (no shield)
rPois  ∞         Spirit   .     q - +0 helmet
rElec  +         Reflect  .     (no cloak)
rCorr  .         Harm     .     (no gloves)
MR     .....                    (no boots)
Stlth  ..........               (no amulet)
                                (no ring)
                                p - ring of flight

@: berserking, very quick
A: negative energy resistance 1, electricity resistance, unbreathing,
petrification resistance, rot immunity, AC +4
a: Berserk, Trog's Hand, Burn Spellbooks, Renounce Religion, Evoke Flight


You were on level 4 of the Dungeon.
You worshipped Trog.
Trog was most pleased with you.
You were hungry.

You visited 1 branch of the dungeon, and saw 4 of its levels.

You collected 127 gold pieces.

Inventory:

Hand Weapons
 a - a +0 hand axe (weapon)
Missiles
 s - 30 arrows (quivered)
Armour
 b - a +0 animal skin
 g - a +0 scale mail (worn)
 q - a +0 helmet (worn)
Jewellery
 p - a ring of flight (left hand)
Scrolls
 d - 2 scrolls of fog {unknown}
 e - 8 scrolls of identify {unknown}
 f - 5 scrolls of remove curse {unknown}
 i - a scroll of fear {unknown}
 j - a scroll of noise {unknown}
 m - a scroll of teleportation {unknown}
 t - a scroll of amnesia {unknown}
Potions
 h - a potion of magic {unknown}
 l - a potion of curing {unknown}
 o - a potion of might {unknown}
 r - a potion of berserk rage {unknown}
Comestibles
 c - 3 bread rations
 k - 2 meat rations
 n - 2 royal jellies
 u - a chunk of flesh
 v - 2 fruits


   Skills:
 + Level 5.1 Fighting
 + Level 4.0 Axes
 + Level 4.1 Armour
 + Level 3.2 Dodging


You had 5 spell levels left.
You didn't know any spells.

Dungeon Overview and Level Annotations

Branches:
Dungeon (4/15)
 Temple: D:4-7

Altars:
Ashenzari
Gozag


Innate Abilities, Weirdness & Mutations

You are resistant to torment.
Your stone body is resilient. (AC +4)
You are immune to poison.
You resist negative energy. (rN+)
You are resistant to electric shocks. (rElec)
You can survive without breathing.
You are immune to petrification.
You are immune to rotting.


Message History

The ogre is heavily wounded.
The ogre hits you with a giant club!
You hit the ogre.
The ogre is heavily wounded.
The ogre hits you with a giant club!
You hit the ogre.
The ogre is severely wounded.
The ogre hits you with a giant club!!
* * * LOW HITPOINT WARNING * * *
You are too injured to fight recklessly!
A red film seems to cover your vision as you go berserk!
You feel yourself moving faster!
You feel mighty!
You are feeling hungry.
You closely miss the ogre.
The ogre is severely wounded.
The ogre barely misses you.
You slash the ogre!
The ogre is almost dead.
The ogre hits you with a giant club.
You die...

#####.## #.# #.# #.#
#.# ##'## #.# ##...##
#.# ##.....## ## #.#
##.......# ##.##.#
#........(####...#.####
'.........+....O@..<..#
#.........####...#.##.#
##.......## ##.##.##.#
##.....## #.##.##.#
##...## #....##.# ##+##
#..####.# ### #.# #..#
#.# ..# #.# #..####.#
#.###.## #.......#


You could see an ogre.

Vanquished Creatures
  An orc warrior (D:4)
  The ghost of cedor the Charmwright, an amateur DsSk (D:3)
  A centaur skeleton (D:4)
  A hound (D:4)
  A worker ant (D:4)
  Robin (D:2)
  3 adders
  3 worms
  3 dart slugs
  2 leopard geckos
  5 orcs
  3 giant cockroaches
  10 goblins
  9 hobgoblins
  12 jackals
  7 kobolds
  5 bats
  6 frilled lizards
  5 rats
79 creatures vanquished.

Notes
Turn   | Place    | Note
-------+----------+-------------------------------------------
     0 | D:1      | nikopol the Gargoyle Berserker began the quest for the Orb.
     0 | D:1      | Reached XP level 1. HP: 14/14 MP: 1/1
    88 | D:1      | You fall through a shaft!
   103 | D:2      | Reached XP level 2. HP: 8/19 MP: 2/2
   374 | D:2      | Reached XP level 3. HP: 22/23 MP: 3/3
   702 | D:1      | Reached ** piety under Trog
  1175 | D:2      | Reached XP level 4. HP: 28/29 MP: 4/4
  1559 | D:2      | Noticed Robin
  1571 | D:2      | Killed Robin
  1571 | D:2      | Reached skill level 4 in Fighting
  1846 | D:3      | Noticed cedor's ghost (amateur DsSk)
  1864 | D:3      | Killed cedor's ghost
  1864 | D:3      | Reached XP level 5. HP: 28/34 MP: 5/5
  2142 | D:3      | Found an opulent altar of Gozag.
  2452 | D:4      | Noticed an orc warrior
  2465 | D:4      | Reached *** piety under Trog
  2470 | D:4      | Killed an orc warrior
  2470 | D:4      | Reached XP level 6. HP: 36/40 MP: 6/6
  2703 | D:4      | Reached skill level 5 in Fighting
  2817 | D:4      | Found a shattered altar of Ashenzari.
  2985 | D:4      | HP: 1/40 [ogre/giant club (19)]
  2988 | D:4      | Slain by an ogre

Skill      XL: |  1  2  3  4  5  6 |
---------------+-------------------+-----
Dodging        | 2 3 |  3.2
Axes           | 3 4 |  4.0
Fighting       | 4 5 |  5.1
Armour         | 3 4 |  4.1

Action                   |  1- 3 |  4- 6 || total
-------------------------+-------+-------++-------
Melee: Hand axe          |   104 |   197 ||   301
Invok: Berserk           |     1 |     3 ||     4
  Eat: Chunk             |     1 |     9 ||    10
Armor: Scale mail        |    34 |    97 ||   131
       Animal skin       |     1 |       ||     1
Dodge: Dodged            |    65 |   122 ||   187
